 Dungeon Crawl Stone Soup version 0.17-a0-1778-gd369669 (webtiles) character file.

80 LordBones the Skirmisher (level 4, 0/35 HPs)
             Began as a Demonspawn Berserker on Sept 8, 2015.
             Was a Believer of Trog.
             Slain by a worker ant (2 damage)
             ... on level 4 of the Dungeon.
             The game lasted 00:22:53 (2467 turns).

LordBones the Skirmisher (Demonspawn Berserker)     Turns: 2467, Time: 00:22:54

Health: 0/35       AC:  8    Str: 18    XL:     4   Next: 18%
Magic:  4/4        EV:  5    Int:  9    God:    Trog [**....]
Gold:   220        SH: 12    Dex: 12    Spells: 0 memorised, 3 levels left

rFire  . . .     SeeInvis .     a - +1 spear
rCold  . . .     Clarity  .     g - +0 scale mail (curse)
rNeg   . . .     SustAt   .     s - +0 large shield
rPois  +         Gourm    .     (no helmet)
rElec  .         Spirit   .     w - +0 cloak
rCorr  +         Warding  .     h - +0 pair of gloves
rMut   .         Stasis   .     (no boots)
MR     .....                    r - amulet of resist corrosion
Stlth  ..........               u - ring of poison resistance
                                p - -3 ring of slaying (curse)

@: not resistant to hostile enchantments, extremely unstealthy
A: hooves 1
a: Burn Spellbooks, Berserk, Trog's Hand, Renounce Religion


You were on level 4 of the Dungeon.
You worshipped Trog.
Trog was pleased with you.
You were very hungry.

You visited 1 branch of the dungeon, and saw 4 of its levels.

You collected 220 gold pieces.

Inventory:

Hand weapons
 a - a +1 spear (weapon)
 f - a +0 short sword
 m - a +0 flail
Missiles
 e - 2 curare-tipped needles
 i - 27 bolts (quivered)
 j - 19 sling bullets
Armour
 b - a +0 animal skin
 d - a +0 robe
 g - a cursed +0 scale mail (worn)
 h - a +0 pair of gloves (worn)
 l - a +0 ring mail
 o - a +0 leather armour
 q - a +0 helmet
 s - a +0 large shield (worn)
 t - a +0 chain mail
 v - a +0 ring mail
 w - a +0 cloak (worn)
Jewellery
 p - a cursed -3 ring of slaying (left hand)
 r - an amulet of resist corrosion (around neck)
 u - a ring of poison resistance (right hand)
Scrolls
 n - 3 scrolls of identify
Comestibles
 c - a bread ration
 k - 2 meat rations


   Skills:
 + Level 3.4 Fighting
 + Level 3.2 Polearms
 + Level 2.2 Armour
 + Level 2.5 Dodging
 + Level 1.0 Shields


You had 3 spell levels left.
You didn't know any spells.

Dungeon Overview and Level Annotations

Branches:
Dungeon (4/15)
 Temple: D:4-7

Altars:

Annotations:
D:3 Ijyb, Terence


Innate Abilities, Weirdness & Mutations

You have large cloven feet.


Message History

You climb downwards.
A worker ant comes into view.
The worker ant twitches its antennae in your direction.
There is a stone staircase leading up here.
You open the door. The goblin hits you but does no damage.
The goblin hits you with a dagger.
* * * LOW HITPOINT WARNING * * *
There is an open door here.
A goblin is nearby!
There are monsters nearby!
The worker ant bites you but does no damage.
Found 8 curare-tipped needles.
The worker ant bites you.
* * * LOW HITPOINT WARNING * * *
Found 13 gold pieces.
You block the goblin's attack.
The phantom blinks!
The adder skeleton barely misses you.
The worker ant bites you but does no damage.
The phantom blinks!
The worker ant bites you.
You die...

.$(...# #.#.##
.....######....#
#.............#
#...........# ...
#.........#.# ....
+...>.....'<#
....###.........###
.................#
#.....@a.######.#
#. #.....Zg.# .# #.
#......?.# # #.
#........#
##.#####....####
#.........§.#
#...........# #
#........§##.....
#.........# .....


You could see a worker ant, a goblin and an adder skeleton.

Vanquished Creatures
  4 adders
  3 giant geckos
  An orc (D:4)
  4 bats
  5 giant cockroaches
  8 goblins
  6 hobgoblins
  2 jackals
  2 kobolds
  2 giant newts
  4 rats
41 creatures vanquished.

Notes
Turn   | Place    | Note
--------------------------------------------------------------
     0 | D:1      | LordBones the Demonspawn Berserker began the quest for the Orb.
     0 | D:1      | Reached XP level 1. HP: 18/18 MP: 1/1
   457 | D:1      | Gained mutation: You have large cloven feet. [demonic ancestry]
   457 | D:1      | Reached XP level 2. HP: 18/24 MP: 2/2
  1145 | D:2      | Reached XP level 3. HP: 25/29 MP: 3/3
  1182 | D:2      | Acquired Trog's second power
  1936 | D:3      | Reached skill level 1 in Shields
  2058 | D:3      | HP: 1/29 [orc/hand axe (2)]
  2065 | D:3      | HP: 1/29 [orc/hand axe (1)]
  2077 | D:4      | Reached XP level 4. HP: 2/35 MP: 4/4
  2100 | D:4      | Noticed a phantom
  2348 | D:3      | Noticed Ijyb
  2408 | D:3      | Noticed Terence
  2461 | D:4      | HP: 1/35 [worker ant (4)]
  2467 | D:4      | Slain by a worker ant

Vault maps used:
D:1:      dpeg_arrival_pond, hex_large, solitary_fountain, st_stairs_1,
          minmay_misc_feat_rows
D:2:      minmay_misc_feat_chi, columned_hall_lemuel
D:3:      uniq_terence, uniq_iyjb
D:4:      fedhas_altar_2, first_bread

Action                   |  1- 3 |  4- 6 || total
-------------------------+-------+-------++-------
Melee: Spear             |   268 |    55 ||   323
  Use: Scroll            |     4 |     1 ||     5
       Potion            |     4 |     2 ||     6
  Eat: Bread ration      |     1 |       ||     1
